 Dungeon Crawl Stone Soup version 0.26.1-10-gdfb7c7de75 (webtiles) character file.

Game seed: 320629960442300370

592 Almogavar the Chucker (level 7, -2/50 HPs)
             Began as a Gnoll Wanderer on Apr 1, 2021.
             Was an Initiate of Okawaru.
             Slain by a small abomination (13 damage)
             ... on level 5 of the Dungeon.
             The game lasted 00:11:06 (5237 turns).

Almogavar the Chucker (Gnoll Wanderer)              Turns: 5237, Time: 00:11:06

Health: -2/50      AC: 11    Str: 14 (17) XL:     7   Next: 39%
Magic:  10/10      EV:  7    Int: 14 (15) God:    Okawaru [......]
Gold:   277        SH:  4    Dex: 11 (13) Spells: 10/10 levels left

rFire    . . .     SeeInvis +   a - +2 falchion
rCold    . . .     Faith    .   i - +0 buckler
rNeg     . . .     Spirit   .   d - +0 chain mail
rPois    +         Reflect  .   p - +0 helmet {SInv}
rElec    .         Harm     .   (no cloak)
rCorr    .         Rampage  .   (no gloves)
Will     .....                  f - +0 pair of boots
Stlth    ..........             (no amulet)
HPRegen  0.16/turn              g - ring of poison resistance
MPRegen  0.12/turn              (no ring)

@: mighty
A: distributed training, fangs 1, hooves 1, frail 1, strong nose
a: Renounce Religion


You were on level 5 of the Dungeon.
You worshipped Okawaru.
Okawaru was noncommittal.
You visited 2 branches of the dungeon, and saw 6 of its levels.

You collected 277 gold pieces.

Inventory:

Hand Weapons
 a - a +2 falchion (weapon)
 x - a +0 flail of protection
Missiles
 r - 12 poisoned darts (quivered)
 u - 7 javelins
Armour
 d - a +0 chain mail (worn)
 f - a +0 pair of boots (worn)
 i - a +0 buckler (worn)
 p - a +0 helmet of see invisible (worn)
Jewellery
 g - a ring of poison resistance (left hand)
Wands
 b - a wand of acid (6)
 v - a wand of paralysis (7)
 w - a wand of digging (5)
Scrolls
 c - a scroll of amnesia {unknown}
 h - 3 scrolls of magic mapping
 l - 2 scrolls of enchant armour {unknown}
 o - a scroll of noise {unknown}
 q - 2 scrolls of teleportation
 s - a scroll of remove curse {unknown}
 t - a scroll of enchant weapon {unknown}
Potions
 m - a potion of brilliance
 z - a potion of resistance {unknown}


   Skills:
 + Level 5.2 Fighting
 + Level 2.4 Short Blades
 + Level 3.6 Long Blades
 + Level 2.4 Axes
 + Level 3.6 Maces & Flails
 + Level 2.4 Polearms
 + Level 2.4 Staves
 + Level 2.4 Slings
 + Level 2.4 Bows
 + Level 2.4 Crossbows
 + Level 5.2 Throwing
 + Level 3.6 Armour
 + Level 3.6 Dodging
 + Level 4.9 Stealth
 + Level 2.4 Shields
 + Level 2.4 Unarmed Combat
 + Level 2.4 Spellcasting
 + Level 2.0 Conjurations
 + Level 2.0 Hexes
 + Level 2.0 Summonings
 + Level 2.0 Necromancy
 + Level 2.0 Translocations
 + Level 2.0 Transmutations
 + Level 2.0 Fire Magic
 + Level 2.0 Ice Magic
 + Level 2.0 Air Magic
 + Level 2.0 Earth Magic
 + Level 2.0 Poison Magic
 + Level 2.7 Invocations
 + Level 2.4 Evocations


You had 10 spell levels left.
You didn't know any spells.
Your spell library was empty.

Dungeon Overview and Level Annotations

Branches:
Dungeon (5/15)             Temple (1/1) D:5

Altars:
Ashenzari
Cheibriados
Dithmenos
Fedhas
Gozag
Kikubaaqudgha
Makhleb
Nemelex Xobeh
Okawaru
Ru
Sif Muna
Trog
Wu Jian
Yredelemnul
Zin
The Shining One

Annotations:
D:5 1 transporter, Revguard's ghost, novice TeVM


Innate Abilities, Weirdness & Mutations

Your experience applies equally to all skills.
You have very sharp teeth.
Your uncanny sense of smell can sniff out nearby items.
You have large cloven feet.
You are frail. (-10% HP)


Message History

You hit the small abomination but do no damage.
Your bite misses the small abomination.
The small abomination is moderately damaged.
The small abomination hits you. x2
You completely miss the small abomination.
The small abomination is moderately damaged.
The small abomination hits you!
You hit the small abomination.
The small abomination is moderately damaged.
The small abomination completely misses you.
The small abomination hits you but does no damage.
It was a potion of might.
You feel very mighty all of a sudden.
You block the small abomination's attack.
The small abomination hits you!
* * * LOW HITPOINT WARNING * * *
You barely miss the small abomination.
The small abomination is moderately damaged.
The small abomination hits you!
You die...

##...## #..###. ##.....## ##.##..
#.......# #.##.# #.......# #.##.#
#.......############## #.##..
##.....##............# #####.###.
...................#.###)....##..
...###'###....####....)..###..#.#
...# #.# #....#.@###..)###x##...#
...###.###....##xx.##..# ...#..##
...+.._..'.....#..#.#####..##..#
...#######....##.#..... #.##...#
...# ### #...##.#^##^.##.##....#
...#######..©#$.## ...#..#.....#
##...........##....###.#.###...#
###.###.......##..##.### . ##..#
....#.....<...# .#....##.#.#..#


You could see 2 small abominations.

Vanquished Creatures
  Edmund (D:4)
  A hound (D:4)
  An orc priest (D:5)
  An iguana (D:5)
  Natasha (thrice) (D:4)
  2 orc wizards (D:5)
  2 worker ants
  A hound skeleton (D:5)
  3 gnolls (D:2)
  5 adders
  An ooze (D:4)
  4 worms
  4 dart slugs
  A leopard gecko (D:1)
  11 orcs
  7 bats
  4 giant cockroaches
  8 goblins
  5 hobgoblins
  16 jackals
  6 kobolds
  A quokka (D:4)
  2 ball pythons
  5 frilled lizards
  4 rats
99 creatures vanquished.

Notes
Turn   | Place    | Note
-------+----------+-------------------------------------------
     0 | D:1      | Almogavar the Gnoll Wanderer began the quest for the Orb.
     0 | D:1      | Almogavar set off with the following items: a +2 falchion,
                  | a +0 hand axe, a +0 mace, a +0 robe, a +0 dagger
     0 | D:1      | Reached XP level 1. HP: 20/20 MP: 1/1
   103 | D:1      | Reached XP level 2. HP: 26/26 MP: 2/2
   371 | D:1      | Reached XP level 3. HP: 31/31 MP: 3/3
   496 | D:1      | Reached skill level 1 in Invocations
   979 | D:2      | Found a shimmering blue altar of Sif Muna.
   990 | D:2      | Reached skill level 1 in Short Blades
   990 | D:2      | Reached skill level 1 in Axes
   990 | D:2      | Reached skill level 1 in Polearms
   990 | D:2      | Reached skill level 1 in Staves
   990 | D:2      | Reached skill level 1 in Slings
   990 | D:2      | Reached skill level 1 in Bows
   990 | D:2      | Reached skill level 1 in Crossbows
   990 | D:2      | Reached skill level 1 in Shields
   990 | D:2      | Reached skill level 1 in Unarmed Combat
   990 | D:2      | Reached skill level 1 in Spellcasting
   990 | D:2      | Reached skill level 1 in Evocations
   994 | D:2      | Reached XP level 4. HP: 15/38 MP: 5/5
  1395 | D:2      | Reached skill level 1 in Conjurations
  1395 | D:2      | Reached skill level 1 in Hexes
  1395 | D:2      | Reached skill level 1 in Summonings
  1395 | D:2      | Reached skill level 1 in Necromancy
  1395 | D:2      | Reached skill level 1 in Translocations
  1395 | D:2      | Reached skill level 1 in Transmutations
  1395 | D:2      | Reached skill level 1 in Fire Magic
  1395 | D:2      | Reached skill level 1 in Ice Magic
  1395 | D:2      | Reached skill level 1 in Air Magic
  1395 | D:2      | Reached skill level 1 in Earth Magic
  1395 | D:2      | Reached skill level 1 in Poison Magic
  1985 | D:3      | Reached XP level 5. HP: 43/43 MP: 6/6
  2836 | D:4      | Found an ornate altar of the Wu Jian Council.
  2884 | D:4      | Found an ancient bone altar of Kikubaaqudgha.
  2979 | D:4      | Noticed Edmund
  2994 | D:4      | Killed Edmund
  2995 | D:4      | Reached skill level 5 in Fighting
  2995 | D:4      | Reached skill level 5 in Throwing
  2995 | D:4      | Reached XP level 6. HP: 48/51 MP: 7/9
  3097 | D:4      | Noticed Natasha
  3104 | D:4      | Killed Natasha
  3315 | D:4      | Noticed Natasha
  3325 | D:4      | Killed Natasha
  3580 | D:4      | Noticed Natasha
  3592 | D:4      | Killed Natasha
  3904 | D:5      | Entered Level 5 of the Dungeon
  4015 | D:5      | Found a transporter.
  4019 | D:5      | Noticed a small abomination
  4022 | D:5      | Noticed a small abomination
  4032 | D:5      | Found a transporter.
  4070 | D:5      | Reached XP level 7. HP: 56/56 MP: 10/10
  4127 | D:5      | Found a glowing golden altar of the Shining One.
  4231 | D:5      | HP: 1/56 [orc priest/divine providence (10)]
  4238 | D:5      | Found a snail-covered altar of Cheibriados.
  4805 | D:5      | Noticed a small abomination
  4819 | D:5      | Noticed Revguard's ghost (novice TeVM)
  4832 | D:5      | Found a sacrificial altar of Ru.
  5097 | D:5      | Found a blossoming altar of Fedhas.
  5137 | D:5      | Found a staircase to the Ecumenical Temple.
  5146 | Temple   | Entered the Ecumenical Temple
  5156 | Temple   | Became a worshipper of Warmaster Okawaru
  5230 | D:5      | Gained mutation: You are frail. (-10% HP) [potion of
                  | mutation]
  5230 | D:5      | Gained mutation: You have large cloven feet. [potion of
                  | mutation]
  5237 | D:5      | Slain by a small abomination

Illustrated notes

Levels and vault maps discovered:
D:1:      erik_arrival_blinker_ship, layout_basic, kennysheep_small_spiral,
          minmay_pentomino_w2
D:2:      layout_basic, lemuel_round_altar, grunt_ministairs_10
D:3:      layout_basic, kennysheep_generic_room_6
D:4:      layout_basic, kiku_gazebo_pond_becter, nzn_wu_jian_council_hall,
          uniq_edmund, uniq_natasha
D:5:      layout_rooms, lemuel_doored_altar, lemuel_coloured_pillars_altar,
          cheibrodos_worm_habitat, temple_hall, basic_altar,
          gammafunk_ghost_abyssal_escape
Temple:   nicolae_temple_x_marks_the_god

Skill      XL: |  1  2  3  4  5  6  7 |
---------------+----------------------+-----
Invocations    | 1 2 |  2.7
Short Blades   | 1 2 |  2.4
Axes           | 1 2 |  2.4
Polearms       | 1 2 |  2.4
Staves         | 1 2 |  2.4
Slings         | 1 2 |  2.4
Bows           | 1 2 |  2.4
Crossbows      | 1 2 |  2.4
Shields        | 1 2 |  2.4
Unarmed Combat | 1 2 |  2.4
Spellcasting   | 1 2 |  2.4
Evocations     | 1 2 |  2.4
Conjurations   | 1 2 |  2.0
Hexes          | 1 2 |  2.0
Summonings     | 1 2 |  2.0
Necromancy     | 1 2 |  2.0
Translocations | 1 2 |  2.0
Transmutations | 1 2 |  2.0
Fire Magic     | 1 2 |  2.0
Ice Magic      | 1 2 |  2.0
Air Magic      | 1 2 |  2.0
Earth Magic    | 1 2 |  2.0
Poison Magic   | 1 2 |  2.0
Long Blades    | 3 |  3.6
Maces & Flails | 3 |  3.6
Armour         | 3 |  3.6
Dodging        | 3 |  3.6
Fighting       | 5 |  5.2
Throwing       | 5 |  5.2
Stealth        | |  4.9

Action                   |  1- 3 |  4- 6 |  7- 9 || total
-------------------------+-------+-------+-------++-------
Melee: Falchion          |    89 |   149 |    73 ||   311
       Bite              |    11 |    18 |    10 ||    39
Throw: Dart              |       |     5 |     4 ||     9
  Use: Scroll            |       |     4 |     1 ||     5
       Potion            |       |       |     5 ||     5
 Stab: Distracted        |     1 |       |       ||     1
       Sleeping          |     2 |       |       ||     2
Armor: Ring mail         |    29 |    17 |       ||    46
       Chain mail        |       |    50 |    41 ||    91
Dodge: Dodged            |    53 |    72 |    24 ||   149
Block: Buckler           |    13 |    25 |    11 ||    49
       Rpst.: Falchion   |    16 |    26 |     6 ||    48
